 Dungeon Crawl Stone Soup version 0.22-a0-362-g535178c (webtiles) character file.

3559 b5mith the Carver (level 9, 0/86 HPs)
             Began as a Minotaur Berserker on Apr 20, 2018.
             Was a High Priest of Trog.
             Killed from afar by an orc wizard (12 damage)
             ... with a magic dart
             ... on level 9 of the Dungeon.
             The game lasted 00:13:44 (6228 turns).

b5mith the Carver (Minotaur Berserker)              Turns: 6228, Time: 00:13:45

Health: 0/86       AC:  6    Str: 25    XL:     9   Next: 83%
Magic:  8/8        EV: 11    Int: 15    God:    Trog [*****.]
Gold:   347        SH:  0    Dex: 10    Spells: 8/8 levels left

rFire    . . .     SeeInvis .   s - +0 long sword (elec)
rCold    . . .     Gourm    .   (no shield)
rNeg     . . .     Faith    .   l - +1 ring mail
rPois    .         Spirit   .   (helmet restricted)
rElec    .         Reflect  .   (no cloak)
rCorr    .         Harm     +   (no gloves)
MR       .....                  (no boots)
Stlth    ..........             e - amulet of harm
HPRegen  0.24/turn              r - +6 ring of intelligence
MPRegen  0.11/turn              (no ring)

@: brilliant, berserk cooldown
A: retaliatory headbutt, horns 2
a: Berserk, Trog's Hand, Brothers in Arms, Renounce Religion


You were on level 9 of the Dungeon.
You worshipped Trog.
Trog was extremely pleased with you.
You were very hungry.

You visited 1 branch of the dungeon, and saw 9 of its levels.
You also visited: Sewer.

You collected 347 gold pieces.

Inventory:

Hand Weapons
 a - a +0 falchion
 s - a +0 long sword of electrocution (weapon)
   (You found it on level 4 of the Dungeon)
 t - a +0 hunting sling
   (You found it on level 4 of the Dungeon)
Missiles
 f - 16 sling bullets
 w - 4 poisoned tomahawks (quivered)
 E - 2 steel tomahawks
 F - 4 tomahawks
Armour
 b - a +0 animal skin
 l - a +1 ring mail (worn)
   (You found it on level 2 of the Dungeon)
Jewellery
 e - an amulet of harm (around neck)
   (You found it on level 1 of the Dungeon)
 r - a +6 ring of intelligence (left hand)
   (You found it on level 4 of the Dungeon)
Wands
 u - a wand of enslavement (15)
   (You found it on level 4 of the Dungeon)
 D - a wand of flame (30)
   (You found it on level 7 of the Dungeon)
Scrolls
 h - 2 scrolls of remove curse {@r2}
 j - 3 scrolls of magic mapping {unknown}
 m - 5 scrolls of identify {@r1}
 o - 3 scrolls of blinking {unknown}
 x - 3 scrolls of enchant armour
 y - a scroll of fear {unknown}
 G - a scroll of noise {unknown}
Potions
 d - a potion of lignification {unknown}
 g - a potion of mutation {unknown}
 i - 2 potions of magic
 k - 3 potions of curing {unknown}
 n - 6 potions of heal wounds {unknown}
 p - a potion of haste {unknown}
 q - 3 potions of agility {unknown}
 z - a potion of ambrosia {unknown}
 A - a potion of might {unknown}
 B - 2 potions of brilliance
 C - 2 potions of flight {unknown}
Comestibles
 c - 16 rations
 v - 12 chunks of flesh


   Skills:
 + Level 10.3 Fighting
 + Level 10.4 Long Blades
 + Level 8.1 Throwing
 - Level 2.4 Armour
 - Level 2.1 Dodging


You had 8 spell levels left.
You didn't know any spells.

Dungeon Overview and Level Annotations

Branches:
Dungeon (9/15)             Temple (0/1) D:5
   Lair: D:8-11         Orc: D:9-12

Altars:
Dithmenos
Makhleb
Ru
Trog

Shops:
D:7 }


Innate Abilities, Weirdness & Mutations

You reflexively headbutt those who attack you in melee.
You have a pair of horns on your head.


Message History

* * * LOW HITPOINT WARNING * * *
The orc hits you with a trident.
* * * LOW HITPOINT WARNING * * *
The orc wizard mumbles some strange words.
The orc wizard seems to speed up.
The orc hits you.
* * * LOW HITPOINT WARNING * * *
The howler monkey hoots and howls with incredible vigour!
The orc barely misses you.
Something shouts, "Return whence thou came, thou pribbling spur-galled efter!"
You hear a croak.
You are feeling very hungry.
The howler monkey hoots and howls with incredible vigour!
The orc closely misses you.
You hear a bark!
The howler monkey barely misses you.
You feel yourself speed up.
The orc wizard casts a spell.
The orc wizard blinks!
The howler monkey hoots and howls with incredible vigour!
The orc completely misses you.
You hear a bark!
The orc wizard mumbles some strange words.
The orc wizard blinks!
Aiming: Enslavement
Press: ? - help, Shift-Dir - straight line, f - howler monkey
Aim: a howler monkey (severely wounded, catching its breath, chance to defeat MR: 54%)
The howler monkey resists with significant effort.
The howler monkey closely misses you.
You riposte.
You hit the howler monkey.
Lightning courses through the howler monkey!
You kill the howler monkey!
Trog accepts your kill.
The orc hits you from afar with a trident.
* * * LOW HITPOINT WARNING * * *
Evoke which item? (* to show all) (? for menu, Esc to quit)
Aiming: Throw Flame
Press: ? - help, Shift-Dir - straight line, f - orc warrior
Aim: an orc warrior, wielding a scimitar and wearing a chain mail The puff of flame misses the orc warrior.
The puff of flame hits the orc.
The orc is moderately wounded.
The orc warrior hits you with a scimitar!
* * * LOW HITPOINT WARNING * * *
A shadow imp comes into view.
The shadow imp disappears for a moment.
The orc wizard gestures wildly while chanting.
The orc wizard blinks!
Found a ring mail.
The orc wizard points at you and mumbles some strange words.
The magic dart hits you!
You die...

########.$. .....
.............. [....
#..# #........
###...#####..# #........
.............# #....<...
.............# #........
.......o.....# #........
.........5...###o.......
.......@.o..ooo.........
########################


You could see an orc warrior, an orc wizard, a shadow imp and 3 orcs.

Vanquished Creatures
  Pikel (D:5)
  Grinder (Sewer)
  Sigmund (D:6)
  3 wargs (D:8)
  A water moccasin (D:6)
  An ice beast (D:7)
  A slave (D:5)
  4 ogres
  A centaur (D:6)
  2 big kobolds (Sewer)
  5 bullfrogs
  A jelly (D:7)
  A scorpion (D:4)
  4 howler monkeys
  5 crimson imps
  A hound (D:8)
  A quasit (Sewer)
  3 orc priests
  A gnoll shaman (D:6)
  5 orc wizards
  A centaur skeleton (D:8)
  An iguana (D:8)
  3 worker ants
  3 big kobold zombies (Sewer)
  2 worker ant zombies (D:6)
  11 gnolls
  9 adders
  2 shadow imps (Sewer)
  4 ufetubi (Sewer)
  4 oozes
  4 worms
  3 dart slugs
  5 leopard geckos
  26 orcs
  9 giant cockroaches
  9 goblins
  3 hobgoblins
  14 jackals
  A quokka (D:3)
  A ball python (D:2)
  13 bats
  A frilled lizard (D:1)
  A jackal zombie (D:7)
  28 kobolds
  3 kobold zombies (Sewer)
  A quokka zombie (D:6)
  8 rats
213 creatures vanquished.

Vanquished Creatures (others)
  A worker ant (D:5)
  A ball python (D:5)
  A kobold zombie (Sewer)
3 creatures vanquished.

Grand Total: 216 creatures vanquished

Notes
Turn   | Place    | Note
-------+----------+-------------------------------------------
     0 | D:1      | b5mith the Minotaur Berserker began the quest for the Orb.
     0 | D:1      | Reached XP level 1. HP: 19/19 MP: 0/0
   303 | D:1      | Reached XP level 2. HP: 26/27 MP: 1/1
   392 | D:1      | Reached skill level 1 in Throwing
   741 | D:1      | Reached ** piety under Trog
   746 | D:1      | Reached XP level 3. HP: 17/33 MP: 2/2
  1103 | D:2      | Reached XP level 4. HP: 37/41 MP: 3/3
  1689 | D:2      | Found a burning altar of Makhleb.
  1764 | D:2      | Found a sacrificial altar of Ru.
  1927 | D:3      | Reached skill level 5 in Fighting
  1934 | D:3      | Reached XP level 5. HP: 27/48 MP: 4/4
  1942 | D:3      | Reached skill level 5 in Long Blades
  2324 | D:3      | Reached *** piety under Trog
  2894 | D:4      | Reached XP level 6. HP: 50/57 MP: 5/5
  3040 | D:4      | Noticed a moth of wrath
  3043 | D:4      | Found a bloodstained altar of Trog.
  3640 | D:5      | Entered Level 5 of the Dungeon
  3640 | D:5      | Noticed a slave
  3643 | D:5      | Noticed a slave
  3643 | D:5      | Noticed a slave
  3645 | D:5      | Noticed Pikel
  3646 | D:5      | Noticed a slave
  3651 | D:5      | Killed a slave
  3654 | D:5      | Killed Pikel
  3654 | D:5      | Reached XP level 7. HP: 38/64 MP: 6/6
  3800 | D:5      | Found a staircase to the Ecumenical Temple.
  3973 | D:5      | Reached skill level 5 in Throwing
  4305 | D:5      | Found a shadowy altar of Dithmenos.
  4375 | D:6      | Reached **** piety under Trog
  4375 | D:6      | Reached XP level 8. HP: 73/73 MP: 7/7
  4419 | D:6      | Received a gift from Trog
  4472 | D:6      | Noticed Sigmund
  4486 | D:6      | Killed Sigmund
  4725 | D:6      | Found a glowing drain.
  4729 | Sewer    | Entered a sewer
  4874 | Sewer    | Found a burning altar of Makhleb.
  4878 | Sewer    | Reached XP level 9. HP: 82/82 MP: 8/8
  4950 | Sewer    | Noticed Grinder
  4957 | Sewer    | Killed Grinder
  5502 | D:7      | Received a gift from Trog
  5551 | D:7      | Found Wuonoiro's Gadget Boutique.
  6007 | D:8      | Reached ***** piety under Trog
  6110 | D:8      | Reached skill level 10 in Long Blades
  6173 | D:8      | Reached skill level 10 in Fighting
  6228 | D:9      | Killed from afar by an orc wizard

Vault maps used:
D:1:      dpeg_arrival_concentric_ovals
D:2:      lightli_temple_of_fire, nicolae_ru_path_of_blood
D:3:      minmay_unequal
D:4:      tgw_trog, first_ration
D:5:      nicolae_dithmenos_through_a_glass_darkly, minmay_temple_entry_fiery,
          uniq_pikel
D:6:      gup_sewer_entry_bowl, uniq_sigmund
D:7:      corexii_shack_village, serial_shops, shop
D:8:      gammafunk_temple_overflow_wave, erik_lair_orcish_takeover,
          serial_shops, shop
Sewer:    kennysheep_sewer_church

Skill      XL: |  1  2  3  4  5  6  7  8  9 |
---------------+----------------------------+-----
Fighting       | 4 5 6 7 8 10 | 10.3
Throwing       | 1 2 3 4 5 6 8 |  8.1
Long Blades    | 4 5 6 7 8 10 | 10.4
Armour         | |  2.4
Dodging        | |  2.1

Action                   |  1- 3 |  4- 6 |  7- 9 || total
-------------------------+-------+-------+-------++-------
Melee: Falchion          |     9 |    36 |       ||    45
       Dagger            |    82 |   138 |       ||   220
       Headbutt          |    14 |    38 |    39 ||    91
       Long sword        |       |    13 |   224 ||   237
Invok: Berserk           |       |     1 |     2 ||     3
Evoke: Wand              |       |       |     2 ||     2
  Use: Scroll            |     2 |     4 |       ||     6
       Potion            |       |       |     1 ||     1
  Eat: Chunk             |     1 |     7 |    11 ||    19
Armor: Animal skin       |    19 |    16 |       ||    35
       Ring mail         |       |    39 |    65 ||   104
Dodge: Dodged            |    55 |   109 |   124 ||   288
       Rpst.: Falchion   |     3 |     7 |       ||    10
       Long sword        |       |     2 |    35 ||    37

Table legend:
 A = Spawn XP
 B = Non-spawn XP
 C = Spawn XP percentage of total XP
 D = Spawn monster count
 E = Non-spawn monster count
 F = Spawn count percentage of total count
 G = Total turns spent on level
                    A         B        C        D         E        F      G
               +---------+---------+-------+---------+---------+-------+---------
         Total |       0 |    5085 |   0.0 |       0 |     212 |   0.0 |  6228
               +---------+---------+-------+---------+---------+-------+---------
           D:1 |       0 |      52 |   0.0 |       0 |      25 |   0.0 |  1003
           D:2 |       0 |     110 |   0.0 |       0 |      22 |   0.0 |   848
           D:3 |       0 |     204 |   0.0 |       0 |      30 |   0.0 |   958
           D:4 |       0 |     157 |   0.0 |       0 |      11 |   0.0 |   831
           D:5 |       0 |     839 |   0.0 |       0 |      12 |   0.0 |   700
           D:6 |       0 |    1377 |   0.0 |       0 |      28 |   0.0 |   581
           D:7 |       0 |     600 |   0.0 |       0 |      28 |   0.0 |   667
           D:8 |       0 |     975 |   0.0 |       0 |      21 |   0.0 |   221
           D:9 |       0 |      54 |   0.0 |       0 |       1 |   0.0 |    15
         Sewer |       0 |     717 |   0.0 |       0 |      34 |   0.0 |   404
               +---------+---------+-------+---------+---------+-------+---------
